 Dungeon Crawl Stone Soup version 0.31.0-9-g3a7656b989 (webtiles) character file.

Game seed: 16941063143809918423

1053 Peloso the Covered (level 8, -1/105 HPs)
             Began as a Minotaur Fighter on Feb 6, 2024.
             Incinerated by a bombardier beetle (4 damage)
             ... with a burning spray
             ... on level 5 of the Dungeon.
             The game lasted 00:06:04 (3591 turns).

Peloso the Covered (Minotaur Fighter)               Turns: 3591, Time: 00:06:04

Health: -1/105     AC: 10    Str: 22    XL:     8   Next: 5%
Magic:  7/7        EV:  9    Int:  5    God:
Gold:   263        SH:  5    Dex: 11    Spells: 7/7 levels left

rFire   . . .        a - +0 long sword
rCold   + . .        d - +0 buckler
rNeg    . . .        c - +0 chain mail
rPois   .            (helmet restricted)
rElec   .            (no cloak)
rCorr   .            (no gloves)
SInv    .            (no boots)
Will    .....        e - amulet of regeneration Stlth
                     p - ring of protection from cold
HPRegen 1.17/turn    (no ring)
MPRegen 0.10/turn

%: no passive effects
@: berserking, lethally poisoned (-1 -> -6), on fire, glowing, very quick
A: horns 2, retaliatory headbutt
a: no special abilities


You were on level 5 of the Dungeon.
You visited 1 branch of the dungeon, and saw 5 of its levels.

You collected 263 gold pieces.

Inventory:

Hand Weapons
 a - a +0 long sword (weapon)
Armour
 b - a +0 scale mail
 c - a +0 chain mail (worn)
 d - a +0 buckler (worn)
Jewellery
 e - an amulet of regeneration (around neck)
 g - a ring of fire
 i - an amulet of the acrobat
 p - a ring of protection from cold (left hand)
 v - the amulet of Qatweor {Spirit *Corrode +Blink Str-5 Dex+8}
   (You found it on level 4 of the Dungeon)

   [amulet of guardian spirit]

   Spirit:    It causes incoming damage to be divided between your reserves of
   health and magic.
   Str-5:     It affects your strength (-5).
   Dex+8:     It affects your dexterity (+8).
   +Blink:    It lets you blink.
   *Corrode:  It may corrode you when you take damage.
Wands
 x - a wand of polymorph (6)
Scrolls
 h - 3 scrolls of teleportation {unknown}
 l - a scroll of blinking
 m - a scroll of brand weapon {unknown}
 o - a scroll of vulnerability {unknown}
 q - a scroll of noise {unknown}
 w - a scroll of identify
 y - a scroll of fear
Potions
 f - 2 potions of berserk rage
 k - a potion of magic
 n - a potion of degeneration {unknown}
 r - a potion of attraction {unknown}
 s - 2 potions of experience {unknown}
 t - 2 potions of brilliance {unknown}
 u - 2 potions of might
 z - a potion of resistance {unknown}


   Skills:
 + Level 5.8 Fighting
 + Level 6.4 Long Blades
 + Level 7.1 Armour
 + Level 2.3 Dodging
 + Level 0.5 Stealth
 + Level 5.9 Shields


You had 7 spell levels left.
You didn't know any spells.
Your spell library was empty.

Dungeon Overview and Level Annotations

Branches:
Dungeon (5/15)
 Temple: D:4-7

Altars:
Dithmenos
Nemelex Xobeh

Annotations:
D:3 1 runed translucent door, Crazy Yiuf
D:4 1 runed translucent door, Nimbul's ghost, amateur DEWr
D:5 1 transporter, Quickbrownfox's ghost, novice OpCj


Innate Abilities, Weirdness & Mutations

You have a pair of horns on your head.
You reflexively headbutt those who attack you in melee.


Message History

You block the sleepcap's attack.
Unknown command.
You hit the sleepcap.
The sleepcap is severely damaged.
The liquid fire burns you! The sleepcap releases spores at you.
* * * LOW HITPOINT WARNING * * *
The sleepcap releases spores at you but does no damage.
Unknown command.
You hit the sleepcap.
The sleepcap is almost destroyed.
The liquid fire burns you!
* * * LOW HITPOINT WARNING * * *
You block the sleepcap's attack.
Unknown command.
You hit the sleepcap.
The sleepcap is almost destroyed.
The liquid fire burns you!
* * * LOW HITPOINT WARNING * * *
The sleepcap releases spores at you but does no damage.
Unknown command.
You hit the sleepcap.
You destroy the sleepcap!
The liquid fire burns you!
* * * LOW HITPOINT WARNING * * *
The scorpion stings you but does no damage.
Unknown command.
You slash the scorpion!
The scorpion is heavily wounded.
The liquid fire burns you!
* * * LOW HITPOINT WARNING * * *
The scorpion stings you.
* * * LOW HITPOINT WARNING * * *
You are lethally poisoned!
The scorpion poisons you!
It was a potion of berserk rage.
A red film seems to cover your vision as you go berserk!
You feel yourself moving faster!
You feel mighty! The liquid fire burns you!
You die...

...... .$. ...... ....
.. .....^ ##.. ...
......###..## .... .
......#...#####...
...#...............
#...s##.>.....# # ##
#†@.......## .#..#.
..#..........##......
.........#.#......).##
..........#.##...#...##
...........#.....##.....
...............####.....
.......#.#..##...#...###
.........##..#..........
.#####. #......###....


You could see a scorpion.

Vanquished Creatures
  Grinder (D:3)
  Sigmund (D:2)
  An ice beast (D:5)
  2 ogres (D:4)
  A howler monkey (D:4)
  2 bombardier beetles (D:5)
  3 hounds
  A jelly (D:5)
  A sleepcap (D:5)
  2 iguanas (D:5)
  Robin (D:3)
  3 adders
  3 dart slugs
  2 ribbon worms
  4 orcs
  6 ball pythons
  7 endoplasms
  2 giant cockroaches
  11 goblins
  5 hobgoblins
  10 jackals
  6 quokkas
  3 bats
  A frilled lizard (D:1)
  5 kobolds
  4 rats
88 creatures vanquished.

Notes
Turn   | Place    | Note
-------+----------+-------------------------------------------
     0 | D:1      | Peloso the Minotaur Fighter began the quest for the Orb.
     0 | D:1      | Reached XP level 1. HP: 19/19 MP: 0/0
   131 | D:1      | Reached skill level 4 in Armour
   131 | D:1      | Reached XP level 2. HP: 24/27 MP: 1/1
   687 | D:2      | Reached XP level 3. HP: 33/33 MP: 2/2
   815 | D:2      | Found a faded altar of an unknown god.
   920 | D:2      | Noticed Sigmund
   924 | D:2      | Killed Sigmund
   925 | D:2      | Reached skill level 5 in Armour
   925 | D:2      | Reached skill level 1 in Dodging
   925 | D:2      | Reached XP level 4. HP: 41/41 MP: 3/3
   925 | D:2      | Reached XP level 5. HP: 47/47 MP: 4/4
  1130 | D:2      | Identified the +1 robe of Eternal Vigilance {Dex+4}
  1401 | D:3      | Found a runed translucent door.
  1402 | D:3      | Noticed Crazy Yiuf
  1490 | D:3      | Noticed Robin
  1500 | D:3      | Killed Robin
  1957 | D:3      | Noticed Grinder
  1975 | D:3      | Killed Grinder
  1976 | D:3      | Reached skill level 5 in Fighting
  1976 | D:3      | Reached skill level 5 in Long Blades
  1976 | D:3      | Reached XP level 6. HP: 24/56 MP: 5/5
  2711 | D:4      | Reached skill level 6 in Armour
  2744 | D:4      | Found a runed translucent door.
  2744 | D:4      | Noticed Nimbul's ghost (amateur DEWr)
  2941 | D:4      | Reached XP level 7. HP: 58/61 MP: 6/6
  2945 | D:4      | Identified the amulet of Qatweor {Spirit *Corrode +Blink
                  | Str-5 Dex+8}
  3016 | D:4      | Reached skill level 5 in Shields
  3144 | D:4      | Found a sparkling altar of Nemelex Xobeh.
  3172 | D:4      | Found a shadowy altar of Dithmenos.
  3317 | D:5      | Entered Level 5 of the Dungeon
  3328 | D:5      | Found a transporter.
  3404 | D:5      | Noticed Quickbrownfox's ghost (novice OpCj)
  3464 | D:5      | Reached skill level 7 in Armour
  3579 | D:5      | HP: 1/61 [burnt (4)]
  3584 | D:5      | Reached XP level 8. HP: 6/70 MP: 7/7
  3584 | D:5      | HP: 3/70 [burnt (3)]
  3590 | D:5      | HP: 2/70 [scorpion (6)]
  3591 | D:5      | Incinerated by a bombardier beetle

Illustrated notes

Levels and vault maps discovered:
D:1:      orjb1_clovarrival, layout_loops_cross
D:2:      layout_basic, shapermc_ecumenical_altar_flowoftime, uniq_sigmund
D:3:      layout_loops_corners, uniq_crazy_yiuf_cottage, uniq_grinder,
          uniq_robin
D:4:      nicolae_BIG_FREAKIN_CUBE, layout_loops_ring,
          mainiacjoe_overflow_two_lobes, gammafunk_ghost_grave
D:5:      layout_cave_pools, gammafunk_ghost_stat_death

Skill      XL: |  1  2  3  4  5  6  7 |
---------------+----------------------+-----
Armour         | 4 5 6 7 |  7.1
Fighting       | 4 5 |  5.8
Shields        | 4 5 |  5.9
Long Blades    | 4 5 6 |  6.4
Dodging        | 1 2 |  2.3
Stealth        | |  0.5

Action                     |  1- 3 |  4- 6 |  7- 9 || total
---------------------------+-------+-------+-------++-------
  Melee: Long sword        |    72 |   101 |    81 ||   254
         Headbutt          |    14 |    21 |    17 ||    52
    Use: Scroll            |     4 |     3 |       ||     7
         Potion            |     2 |       |     3 ||     5
 Armour: Scale mail        |    52 |    64 |       ||   116
         Chain mail        |       |     7 |    76 ||    83
  Dodge: Dodged            |    24 |    52 |    43 ||   119
  Block: Buckler           |    18 |    34 |    22 ||    74
